Map: Black Site 2E

Players

DarkTemplar - Winner!

  • Race: Protoss Protoss
  • League: Silver
  • Spawn Location: 12:00

irvinz - Winner!

  • Race: Zerg Zerg
  • League: Gold
  • Spawn Location: 11:00

BlueHawk

  • Race: Terran Terran
  • League: Bronze
  • Spawn Location: 5:00

bertman - Winner!

  • Race: Terran Terran
  • Spawn Location: 9:00

rod

  • Race: Terran Terran
  • Spawn Location: 3:00

Leiferon

  • Race: Terran Terran
  • Spawn Location: 6:00

VOD

Have the link to the VOD?

Description

Time

  • Played on: Sept. 21, 2018, 4:38 p.m.
  • Length: 14:27
Show
View Real Time Build Order
Export as new Build Order

DarkTemplar Protoss - Winner!

Build Orders:  

Get SALT Encoding   

  12  0:02  Probe  
  14  0:14  Probe  
  14  0:22  Pylon  
  14  0:26  Probe  
  15  0:41  Gateway  
  15  0:42  Probe  
  16  0:47  Assimilator  
  16  0:54  Probe  
  17  1:06  Probe  
  18  1:12  Pylon  
  18  1:18  Probe  
  18  1:22  Assimilator  
  19  1:30  Probe  
  20  1:38  Cybernetics Core  
  20  1:42  Probe  
  21  1:52  Pylon  
  21  1:55  Probe  
  21  1:57  Warp Gate  
  22  2:09  Probe  
  23  2:16  Robotics Facility  
  23  2:21  Probe  
  23  2:25  Adept  
  25  2:43  Nexus  
  25  2:49  Probe  
  26  3:01  Probe  
  26  3:02  Stalker  
  29  3:12  Immortal  
  33  3:16  Probe  
  34  3:26  Gateway  
  34  3:40  Probe  
  35  3:53  Probe  
  36  3:57  Warp Prism  
  38  4:11  Forge  
  38  4:15  Robotics Bay  
  38  4:19  Probe x2  
  40  4:31  Probe  
  41  4:38  Probe  
  42  4:43  Probe  
  43  4:49  Protoss Ground Weapons Level 1, Assimilator  
  43  4:50  Probe  
  44  4:53  Assimilator  
  44  4:55  Probe  
  44  4:58  Pylon  
  45  5:01  Pylon  
  45  5:05  Pylon  
  45  5:21  Probe x2  
  47  5:30  Gateway  
  47  5:32  Gateway  
  47  5:34  Gateway  
  47  5:35  Shield Battery  
  47  5:36  Pylon  
  47  5:43  Extended Thermal Lance  
  47  5:47  Pylon  
  47  5:51  Pylon  
  47  5:54  Pylon  
  45  6:01  Stalker  
  47  6:07  Probe x2  
  49  6:29  Probe x2  
  51  6:38  Protoss Ground Armor Level 1  
  51  6:43  Nexus  
  51  6:44  Colossus  
  57  6:54  Robotics Facility  
  57  6:56  Robotics Facility  
  57  7:06  Probe x2  
  59  7:20  Assimilator  
  59  7:25  Assimilator  
  59  7:27  Pylon  
  59  7:30  Pylon  
  59  7:35  Twilight Council  
  59  7:38  Forge  
  59  8:02  Colossus x2  
  59  8:08  Probe x2, Colossus  
  79  8:15  Probe  
  80  8:20  Probe x2  
  80  8:21  Protoss Ground Weapons Level 2  
  82  8:33  Protoss Ground Armor Level 2  
  82  8:35  Charge  
  82  8:48  Colossus, Observer Gravitic Boosters  
  82  8:53  Colossus  
  82  8:58  Observer  
  82  9:02  Pylon  
  94  9:06  Pylon  
  94  9:08  Probe x3  
  98  9:16  Colossus  
  98  9:21  Gateway  
  104  9:34  Colossus  
  104  9:43  Zealot  
  104  9:44  Zealot x2  
  104  9:45  Zealot  
  118  9:56  Zealot  
  120  10:00  Colossus  
  120  10:12  Colossus  
  132  10:34  Photon Cannon x2  
  122  10:36  Photon Cannon  
  122  10:37  Zealot  
  122  10:38  Zealot x2  
  122  10:39  Zealot x2  
  132  10:42  Pylon  
  132  11:00  Probe x3  
  135  11:06  Templar Archives  
  135  11:07  Colossus  
  135  11:09  Dark Shrine  
  141  11:41  Stalker x2  
  141  11:42  Stalker  
  141  11:43  Stalker x2  
  141  11:44  Stalker  
  143  12:17  Colossus x3  
  156  12:30  Zealot  
  156  12:31  Zealot x2  
  156  12:32  Zealot  
  164  13:04  Nexus  
Show
View Real Time Build Order
Export as new Build Order

irvinz Zerg - Winner!

Build Orders: Hatch First, Muta Ling Bane 

Get SALT Encoding   

  12  0:01  Drone  
  13  0:08  Drone  
  14  0:17  Overlord  
  14  0:36  Drone x3  
  17  0:48  Drone  
  18  0:58  Hatchery  
  18  1:01  Drone  
  18  1:15  Spawning Pool  
  18  1:17  Drone  
  18  1:20  Drone  
  19  1:32  Drone  
  20  1:36  Extractor  
  19  1:45  Overlord  
  19  2:02  Zergling x2  
  19  2:03  Queen, Zergling x2  
  23  2:11  Zergling x2  
  23  2:13  Drone  
  25  2:21  Zergling x2  
  26  2:26  Zergling x2  
  27  2:34  Zergling x4  
  27  2:37  Queen  
  29  2:39  Queen  
  29  2:42  Overlord  
  33  2:45  Drone  
  34  2:56  Zergling x4  
  34  2:58  Metabolic Boost  
  36  3:10  Drone  
  36  3:26  Drone x4  
  36  3:27  Drone x2  
  42  3:33  Zergling x2  
  43  3:44  Zergling x2  
  42  3:52  Drone x2  
  42  3:55  Lair  
  44  3:57  Overlord  
  44  3:58  Extractor  
  44  3:59  Drone  
  44  4:07  Overlord  
  44  4:13  Hatchery  
  44  4:14  Drone  
  44  4:15  Drone x3  
  44  4:16  Drone  
  48  4:21  Drone  
  48  4:22  Drone  
  50  4:37  Drone x2  
  51  4:45  Drone  
  51  4:46  Drone x6  
  51  4:49  Drone  
  58  4:59  Drone  
  60  5:07  Drone  
  60  5:08  Overlord, Extractor  
  60  5:11  Extractor  
  58  5:18  Zergling x4  
  60  5:26  Drone x2  
  58  5:32  Zergling x2  
  58  5:33  Zergling x4  
  58  5:34  Baneling Nest, Zergling x4  
  62  5:42  Drone x4  
  66  5:44  Queen  
  66  5:45  Overlord  
  66  5:47  Drone  
  69  5:51  Zergling x2  
  69  5:53  Evolution Chamber  
  69  5:55  Evolution Chamber  
  68  6:02  Drone  
  68  6:03  Drone x2  
  71  6:07  Overlord  
  71  6:08  Overlord  
  71  6:10  Drone x4  
  75  6:11  Spire  
  75  6:13  Drone x2  
  75  6:15  Drone  
  75  6:19  Zergling x6  
  75  6:20  Zergling x2  
  75  6:21  Zergling x2  
  76  6:28  Zergling x2  
  76  6:32  Zergling x4  
  78  6:34  Extractor x2  
  78  6:36  Zerg Ground Armor Level 1, Zerg Melee Weapons Level 1  
  78  6:37  Zergling x2, Centrifical Hooks  
  77  6:41  Drone  
  77  6:42  Drone  
  77  6:45  Drone x4  
  77  6:46  Drone x2  
  85  6:52  Zergling x2  
  87  6:54  Zergling x4  
  87  7:00  Zergling x2  
  88  7:02  Zergling x2  
  88  7:04  Zergling x6  
  88  7:05  Overlord  
  92  7:09  Overlord  
  92  7:10  Overlord  
  92  7:13  Pneumatized Carapace  
  92  7:23  Zergling x6  
  92  7:29  Zergling x6  
  98  7:33  Overlord  
  98  7:36  Drone x2  
  100  7:38  Mutalisk  
  100  7:39  Mutalisk x5  
  100  7:40  Mutalisk x3  
  100  7:41  Mutalisk  
  120  7:47  Overlord  
  120  7:48  Overlord  
  120  7:57  Mutalisk  
  120  7:58  Mutalisk, Hatchery  
  123  7:59  Mutalisk x2  
  123  8:01  Zergling x2  
  128  8:15  Zergling x10  
  128  8:16  Zergling x2  
  128  8:18  Zerg Flyer Weapons Level 1  
  134  8:29  Zergling x6  
  134  8:30  Zergling x10  
  142  8:43  Zergling x6  
  145  8:54  Hatchery  
  144  9:00  Overlord x3  
  144  9:23  Zergling x8  
  144  9:24  Zergling x2  
  149  9:25  Baneling x4  
  149  9:26  Baneling x8  
  149  9:27  Baneling x11  
  149  9:29  Baneling  
  149  9:30  Baneling x12  
  149  9:31  Baneling x2  
  149  9:33  Zergling x8  
  153  10:01  Mutalisk  
  153  10:02  Mutalisk x5  
  153  10:03  Zergling x6  
  169  10:07  Zergling x8  
  169  10:13  Zergling x4  
  174  10:14  Mutalisk  
  174  10:16  Queen  
  158  10:21  Mutalisk  
  158  10:22  Mutalisk x4  
  166  10:36  Mutalisk x3  
  166  10:37  Mutalisk  
  166  10:39  Overlord  
  174  10:48  Infestation Pit  
  173  11:02  Mutalisk  
  173  11:03  Mutalisk x2  
  179  11:07  Mutalisk  
  179  11:08  Zergling x2  
  179  11:09  Overlord, Zergling x6  
  185  11:12  Overlord, Drone  
  185  11:16  Extractor x2  
  184  11:31  Hive  
  184  11:33  Zerg Melee Weapons Level 2  
  184  11:38  Zergling x10  
  189  11:42  Drone  
  189  11:43  Drone  
  189  11:44  Drone  
  192  11:49  Drone  
  192  11:50  Drone x2, Zergling x4  
  192  11:51  Extractor  
  192  11:53  Extractor  
  168  12:13  Zergling x6  
  168  12:14  Zergling x20  
  168  12:15  Zergling x4  
  154  12:16  Zergling x2, Mutalisk  
  154  12:17  Zergling x10  
  154  12:20  Zergling x8  
  154  12:21  Zergling x10  
  171  12:23  Zergling x2  
  172  12:31  Zergling x4  
  172  12:32  Zergling x6  
  172  12:36  Zergling x10  
  176  12:51  Zergling x4  
  176  12:52  Zergling x6  
  176  12:53  Zergling x6  
  176  12:55  Zergling x2  
  176  12:56  Zergling x2  
  176  13:12  Zergling x6  
  175  13:13  Zergling x10  
  175  13:14  Zergling x10  
  175  13:15  Zergling x6  
  175  13:18  Drone  
  165  13:38  Zergling x2  
  165  13:39  Zergling x8, Mutalisk x5  
  165  13:40  Zergling x6  
  170  13:41  Zergling x2  
  170  13:42  Zergling x4  
Show
View Real Time Build Order
Export as new Build Order

BlueHawk Terran 

Build Orders: MMM Bio 

Get SALT Encoding   

  12  0:09  Supply Depot  
  12  0:13  SCV  
  13  0:26  SCV  
  14  0:35  Barracks  
  14  0:39  SCV  
  15  0:46  Refinery  
  15  0:51  SCV  
  16  1:04  SCV  
  17  1:16  SCV  
  18  1:22  Marine  
  19  1:29  Bunker  
  19  1:30  SCV  
  20  1:42  SCV  
  20  1:44  Marine  
  23  1:56  Factory  
  23  1:58  Orbital Command  
  22  2:12  Barracks Tech Lab  
  22  2:20  Refinery  
  22  2:23  SCV  
  23  2:33  Supply Depot  
  23  2:35  Stimpack  
  23  2:50  Command Center  
  23  2:55  SCV, Marine  
  25  3:02  Factory Tech Lab  
  25  3:14  SCV  
  25  3:19  Marine  
  26  3:24  Widow Mine  
  28  3:30  Supply Depot  
  28  3:40  Marine  
  29  3:52  Starport  
  29  4:03  Marine  
  29  4:04  Siege Tank  
  33  4:10  Supply Depot  
  33  4:14  Barracks, SCV  
  33  4:15  Barracks x2  
  34  4:22  SCV  
  34  4:24  Marine  
  36  4:29  SCV  
  36  4:41  Marine  
  36  4:42  Siege Tank  
  38  4:47  SCV  
  38  4:58  SCV  
  38  5:09  Engineering Bay  
  38  5:12  SCV x2  
  32  5:28  SCV x2  
  32  5:29  Marine  
  34  5:51  SCV  
  34  5:54  SCV  
  36  5:58  Marine x3  
  39  6:12  Missile Turret, SCV  
  40  6:19  Orbital Command  
  40  6:25  Combat Shields  
  40  6:31  Marine x2  
  42  6:35  SCV  
  43  6:44  Marine x2  
  45  6:48  SCV x2  
  45  6:51  Marine  
  48  7:02  SCV x2, Marine x3  
  53  7:14  SCV x2, Marine  
  56  7:16  Starport Reactor  
  56  7:30  SCV x2  
  58  7:38  Marine x2  
  58  7:41  Command Center  
  60  7:46  Widow Mine  
  60  7:50  Supply Depot  
  62  7:52  Supply Depot  
  62  8:03  Terran Infantry Weapons Level 1  
  62  8:10  Engineering Bay  
  62  8:12  SCV x2  
  64  8:16  Missile Turret  
  64  8:17  Marine  
  65  8:21  Medivac  
  65  8:24  SCV x2  
  69  8:40  SCV x2, Marine x4  
  75  8:42  Missile Turret, Siege Tank  
  78  8:52  Medivac  
  78  8:53  SCV x2  
  82  8:58  Orbital Command, Marine  
  82  9:02  Marine x3  
  86  9:05  SCV  
  87  9:11  Supply Depot  
  87  9:12  Supply Depot, SCV  
  87  9:13  Supply Depot  
  88  9:19  SCV  
  88  9:24  Refinery, SCV  
  90  9:25  SCV  
  90  9:26  Marine x2  
  90  9:27  Refinery  
  93  9:32  Medivac, SCV, Marine x2  
  93  9:36  SCV  
  93  9:38  Terran Infantry Armor Level 1  
  99  9:41  Armory, SCV  
  99  9:44  Marine x2  
  102  9:58  SCV x2  
  102  9:59  SCV, Factory  
  105  10:07  Marine  
  105  10:08  Marine x3  
  105  10:09  Siege Tank  
  105  10:10  Medivac x2, SCV  
  109  10:25  Marine  
  110  10:30  SCV x3  
  110  10:32  Refinery  
  110  10:33  Marine  
  110  10:34  Marine x2  
  116  10:36  Refinery  
  116  10:41  Terran Infantry Weapons Level 2  
  116  10:42  SCV  
  117  10:46  Factory Tech Lab  
  117  10:58  Supply Depot x2  
  117  10:59  Supply Depot  
  117  11:00  Supply Depot  
  117  11:01  Missile Turret  
  117  11:02  Missile Turret  
  117  11:05  Barracks Reactor  
  117  11:13  Missile Turret  
  117  11:14  Missile Turret  
  117  11:19  Marine x3  
  117  11:20  Siege Tank, SCV x2  
  117  11:22  Siege Tank  
  117  11:23  Medivac x2  
  132  11:36  SCV x2  
  134  11:41  Marine x3  
  134  11:42  Marine x2  
  139  11:49  Supply Depot  
  139  11:50  Supply Depot  
  139  11:51  Supply Depot  
  139  11:52  Supply Depot  
  139  11:53  Supply Depot, SCV x3  
  80  12:19  Marine x5  
  76  12:37  Marine x4  
Show
View Real Time Build Order
Export as new Build Order

bertman Terran - Winner!

Build Orders:  

Get SALT Encoding   

  12  0:01  SCV  
  13  0:17  Supply Depot  
  13  0:20  SCV  
  14  0:32  SCV  
  15  0:44  Barracks  
  15  0:56  Supply Depot  
  15  0:57  SCV  
  16  1:05  Refinery  
  16  1:26  Supply Depot  
  16  1:30  SCV  
  17  1:38  Marine  
  18  1:55  Marine  
  19  2:09  Orbital Command  
  20  2:17  Reaper  
  20  2:28  Barracks  
  20  2:49  Marine  
  20  3:07  Marine  
  19  3:22  Factory  
  19  3:25  Marine  
  20  3:43  Marine  
  20  3:48  Barracks Reactor  
  21  4:00  Marine  
  22  4:18  Marine  
  22  4:21  Supply Depot  
  22  4:26  Marine x2  
  24  4:36  Marine  
  25  4:44  Marine x2  
  27  4:54  Factory Tech Lab, Marine  
  28  5:02  Marine x2  
  28  5:03  Command Center  
  28  5:06  Starport  
  30  5:12  Marine  
  31  5:19  Marine  
  31  5:20  SCV, Marine  
  33  5:29  Siege Tank, Marine  
  33  5:32  SCV  
  38  5:36  Refinery  
  38  5:37  Marine x2  
  40  5:47  Marine  
  41  5:55  Marine x2  
  43  6:03  Starport Tech Lab  
  43  6:05  Marine  
  43  6:11  Engineering Bay  
  44  6:13  SCV  
  45  6:23  Marine  
  45  6:24  Medivac  
  48  6:30  Refinery  
  48  6:37  SCV  
  49  6:46  Marine x3  
  52  6:49  SCV  
  53  6:54  Medivac  
  53  6:58  Terran Infantry Weapons Level 1  
  55  7:01  SCV  
  55  7:02  SCV  
  55  7:04  Marine  
  58  7:16  SCV  
  59  7:28  SCV  
  60  7:33  Marine  
  60  7:34  Marine  
  62  7:53  Supply Depot  
  62  8:14  Marine x3  
  62  8:15  SCV x2  
  67  8:22  Supply Depot  
  67  8:27  Refinery  
  67  8:32  Marine x3  
  57  8:52  Terran Infantry Armor Level 1  
  45  9:00  Medivac  
  47  9:03  SCV x2  
  49  9:12  Starport  
  49  9:15  SCV  
  49  9:16  Siege Tank  
  53  9:30  Medivac  
  55  9:32  Barracks  
  55  9:48  Siege Tank  
  58  9:59  Starport Tech Lab  
  58  10:00  Medivac  
  58  10:06  Armory  
  60  10:20  Siege Tank  
  63  10:27  Barracks Reactor  
  63  10:32  Supply Depot  
  63  10:39  Medivac  
  65  10:52  Siege Tank  
  68  11:09  Terran Vehicle Weapons Level 1, Medivac, Terran Infantry Weapons Level 2  
  70  11:34  Medivac  
  70  11:39  Medivac  
  74  12:40  Siege Tank  
  74  12:43  Marine x5  
  78  13:01  Marine x5  
  74  13:13  Siege Tank  
  74  13:19  Marine x4  
  81  13:45  Siege Tank  
Show
View Real Time Build Order
Export as new Build Order

rod Terran 

Build Orders:  

Get SALT Encoding   

  12  0:01  SCV  
  13  0:24  Supply Depot  
  13  0:26  SCV  
  14  0:38  SCV  
  15  0:49  Barracks  
  15  0:50  SCV  
  15  0:55  Refinery  
  16  1:02  SCV  
  17  1:14  SCV  
  18  1:26  SCV  
  19  1:38  SCV  
  20  1:42  Engineering Bay  
  20  1:45  Marine  
  21  1:54  Orbital Command  
  21  2:04  Barracks Reactor  
  21  2:18  Supply Depot  
  21  2:20  SCV  
  22  2:28  Refinery  
  22  2:32  SCV  
  22  2:36  Terran Infantry Weapons Level 1  
  23  2:44  Barracks, Marine  
  23  2:45  Marine  
  23  2:47  SCV  
  26  3:02  Marine  
  26  3:03  SCV, Marine  
  29  3:13  Command Center  
  29  3:16  SCV  
  30  3:31  SCV  
  31  4:14  Supply Depot  
  31  4:16  Barracks Tech Lab  
  31  4:24  SCV, Marine x2  
  34  4:33  Orbital Command  
  34  4:36  SCV  
  34  4:38  Supply Depot  
  35  4:42  Marine x2  
  39  4:46  Marauder  
  39  4:49  Terran Infantry Armor Level 1, SCV  
  40  5:00  Marine x2  
  40  5:01  SCV, Factory  
  45  5:07  Marauder  
  45  5:08  Supply Depot, SCV  
  46  5:18  Marine x2  
  46  5:20  SCV  
  49  5:28  Marine  
  50  5:35  Marine x2  
  50  5:39  SCV  
  53  5:46  Marauder  
  55  5:51  Refinery, SCV  
  55  5:52  Refinery  
  55  5:53  Marine x2  
  58  6:01  Armory  
  58  6:03  Cyclone, SCV  
  62  6:08  Marauder  
  64  6:11  Marine x2  
  64  6:15  SCV  
  67  6:19  Supply Depot  
  58  6:29  Combat Shields, Marauder, Marine x2  
  62  6:41  Supply Depot  
  62  6:42  Factory Tech Lab  
  62  6:50  Marauder  
  62  6:52  Marine x2  
  66  7:00  Supply Depot  
  66  7:04  Supply Depot, SCV  
  67  7:10  Marine x2  
  67  7:12  Marauder  
  71  7:16  SCV  
  72  7:23  Supply Depot  
  72  7:28  SCV, Marine x2  
  75  7:33  Marauder  
  75  7:34  Supply Depot  
  77  7:40  SCV  
  78  7:46  Marine x2  
  80  7:52  SCV  
  80  7:53  Starport  
  80  7:54  Marauder  
  80  7:57  Supply Depot  
  83  8:08  Marine  
  83  8:09  Marine  
  85  8:13  Stimpack  
  85  8:14  Bunker  
  85  8:16  Terran Vehicle Weapons Level 1, Marauder  
  85  8:18  Siege Tank  
  90  8:20  Supply Depot  
  90  8:26  Marine x2  
  92  8:28  Terran Infantry Weapons Level 2  
  92  8:34  Supply Depot  
  92  8:37  Marauder  
  94  8:43  Supply Depot  
  94  8:44  Marine  
  90  8:57  Supply Depot  
  90  8:59  Marauder  
  79  9:14  SCV  
  71  9:20  Marauder  
  72  9:26  SCV  
  73  9:38  SCV  
  74  9:48  Siege Tank  
  74  9:50  SCV  
  78  9:59  Supply Depot  
  78  10:02  SCV  
  79  10:20  Siege Tank  
  82  10:24  Supply Depot  
  51  10:46  Terran Infantry Weapons Level 3  
  51  10:53  Supply Depot  
  51  10:54  SCV  
  52  11:06  SCV  
  53  11:18  Supply Depot, SCV  
  54  11:19  Command Center  
  54  11:27  Marauder  
  54  11:30  SCV  
  57  11:36  Terran Vehicle Weapons Level 2  
  57  11:41  Medivac  
  57  11:42  SCV  
  60  11:49  Marauder  
  44  12:10  Marauder  
  44  12:14  SCV  
  42  12:16  SCV  
  42  12:26  SCV  
  42  12:28  SCV  
  42  12:31  Marauder  
  42  12:36  Marine x2  
  46  12:38  SCV  
  46  12:40  SCV  
  46  12:50  SCV  
  47  12:52  SCV, Marine  
  47  12:54  Marine x2  
  51  13:04  SCV  
  52  13:10  Marine  
  52  13:11  Missile Turret, Marine  
  52  13:12  Marine  
  55  13:16  SCV  
  50  13:28  Marine  
  50  13:29  Marine x2  
Show
View Real Time Build Order
Export as new Build Order

Leiferon Terran 

Build Orders:  

Get SALT Encoding   

  12  0:01  SCV  
  14  0:14  SCV  
  14  0:21  Supply Depot  
  14  0:26  SCV  
  15  0:41  Refinery  
  15  0:43  SCV  
  16  0:50  Barracks  
  16  0:55  SCV  
  17  1:07  SCV  
  18  1:19  SCV  
  19  1:31  SCV  
  20  1:38  Reaper  
  21  1:40  Supply Depot  
  21  1:43  SCV  
  22  1:59  Command Center  
  22  2:04  SCV  
  23  2:09  Supply Depot  
  23  2:11  Reaper  
  24  2:29  Orbital Command  
  24  2:33  Barracks  
  24  2:38  Supply Depot  
  24  2:57  Barracks Reactor  
  23  3:03  SCV  
  23  3:16  SCV  
  23  3:28  SCV  
  24  3:35  Marine  
  24  3:40  SCV  
  26  3:51  Refinery  
  26  3:52  SCV  
  26  3:55  Marine x2  
  28  3:57  Barracks Tech Lab  
  29  4:03  SCV  
  29  4:04  SCV  
  31  4:13  Marine x2  
  31  4:15  SCV  
  31  4:16  SCV  
  35  4:22  Supply Depot  
  35  4:39  Marauder  
  36  4:52  SCV  
  36  4:53  Marine x2  
  37  5:03  Marauder, Concussive Shells  
  37  5:04  SCV  
  40  5:11  Marine x2  
  40  5:13  SCV  
  43  5:14  Barracks  
  43  5:16  SCV  
  44  5:23  Engineering Bay  
  44  5:25  SCV  
  44  5:28  Engineering Bay, SCV  
  46  5:34  Marine x2  
  48  5:39  Supply Depot  
  48  5:40  Supply Depot  
  48  5:42  Supply Depot  
  48  5:45  Supply Depot  
  48  6:04  Marauder  
  48  6:05  Barracks Reactor  
  48  6:11  Marine x2  
  48  6:12  Supply Depot  
  52  6:25  Marauder  
  52  6:29  Marine x2  
  56  6:47  Marauder, Marine x2  
  56  6:48  Terran Infantry Weapons Level 1  
  56  6:49  Terran Infantry Armor Level 1  
  58  6:55  SCV  
  58  6:58  SCV  
  59  7:07  SCV  
  55  7:10  SCV  
  55  7:22  SCV  
  56  7:27  SCV  
  57  7:39  SCV  
  57  7:40  Missile Turret  
  53  7:50  Missile Turret  
  53  7:55  Missile Turret  
  53  8:02  Missile Turret  
  53  8:07  Command Center  
  53  8:09  Supply Depot  
  53  8:14  Marine x2  
  53  8:15  Marine  
  53  8:17  Marauder  
  53  8:18  Marine  
  59  8:24  SCV, Factory  
  60  8:32  Supply Depot, Marine x2  
  62  8:36  SCV  
  63  8:51  Marine  
  63  8:52  Marine  
  63  8:55  Marine x2  
  67  8:56  Supply Depot  
  67  8:57  Marauder  
  67  8:58  Stimpack  
  69  9:13  Marine x2  
  71  9:17  Marine  
  72  9:27  Factory Tech Lab  
  68  9:35  Marine  
  68  9:37  Marine x2  
  61  9:44  SCV  
  55  9:56  SCV  
  55  9:57  Marine x2  
  55  9:59  Marauder  
  45  10:15  Marine x2  
  43  10:38  Marine x2  
  43  10:39  Marine x2  
  43  10:40  Marauder  
  49  10:49  Armory  
  49  10:51  SCV  
  49  10:54  SCV  
  51  10:58  Combat Shields, SCV  
  51  11:03  SCV  
  53  11:06  SCV, Marine  
  53  11:07  Marine  
  53  11:08  Marine x2  
  53  11:10  Marauder, SCV  
  61  11:15  SCV  
  61  11:17  Siege Tank  
  65  11:20  SCV  
  65  11:22  SCV  
  65  11:24  Marine x2  
  69  11:26  Marine x2  
  69  11:27  SCV  
  69  11:31  Marauder  
  69  11:32  SCV  
  75  11:34  SCV  
  75  11:39  SCV  
  77  11:44  SCV  
  77  11:46  SCV  
  79  11:50  Starport  
  79  11:53  Marauder  
  81  11:56  SCV  
  56  12:08  SCV  
  56  12:14  Marine x2  
  56  12:15  Marine x2  
  36  12:21  SCV  
  36  12:22  Marauder  
  38  12:25  Siege Tank  
  41  12:33  SCV, Marine x2  
  46  12:43  Marauder  
  46  12:45  SCV  
  46  12:46  Viking  
  46  12:51  Marine x2  
  49  12:57  SCV  
Tags
 
Add a new tag
Caveats
  • Supply blocks, unpowered buildings, or Contaminate may cause inaccurate times.
  • Supply counts are checked every 10 seconds.